 Dungeon Crawl Stone Soup version 0.21.1-1-g345015f (webtiles) character file.

36 letownia2 the Conjurer (level 3, -3/28 HPs)
             Began as a Naga Wizard on Mar 5, 2018.
             Slain by an orc
             ... wielding a cursed -3 falchion
              (5 damage)
             ... on level 3 of the Dungeon.
             The game lasted 00:01:32 (232 turns).

letownia2 the Conjurer (Naga Wizard)                 Turns: 232, Time: 00:01:32

Health: -3/28      AC:  2    Str:  9    XL:     3   Next: 37%
Magic:  1/7        EV: 10    Int: 19    God:
Gold:   10         SH:  0    Dex:  9    Spells: 2/8 levels left

rFire    . . .     SeeInvis +   (no weapon)
rCold    . . .     Gourm    .   (no shield)
rNeg     . . .     Faith    .   a - +0 robe
rPois    +         Spirit   .   b - +0 hat
rElec    .         Reflect  .   (no cloak)
rCorr    .         Harm     .   (no gloves)
MR       .....                  (no barding)
Stlth    ++........             (no amulet)
HPRegen  0.09/turn              (no ring)
MPRegen  0.10/turn              (no ring)

@: very slightly contaminated, slowed, very slow
A: large, see invisible, deformed body, poison resistance, slowness 2, slow
metabolism 1, spit poison 1, AC +1
a: Spit Poison


You were on level 3 of the Dungeon.
You were not hungry.

You visited 1 branch of the dungeon, and saw 3 of its levels.

You collected 10 gold pieces.

Inventory:

Armour
 a - a +0 robe (worn)
 b - a +0 hat (worn)
Scrolls
 f - a scroll of enchant armour {unknown}
 g - a scroll of teleportation {unknown}
Potions
 e - a potion of degeneration {unknown}
 h - a potion of brilliance {unknown}
Books
 c - a book of Minor Magic

   Spells                             Type                      Level
   a - Magic Dart                     Conjuration                  1
   b - Blink                          Translocation                2
   c - Call Imp                       Summoning                    2
   d - Slow                           Hexes                        2
   e - Conjure Flame                  Conjuration/Fire             3
   f - Mephitic Cloud                 Conjuration/Poison/Air       3
Comestibles
 d - a ration


   Skills:
 - Level 1.5 Dodging
 - Level 3.0 Stealth
 - Level 3.0 Spellcasting
 + Level 3.2 Conjurations
 - Level 1.0 Summonings
   Level 1.0 Translocations


You had 2 spell levels left.
You knew the following spells:

 Your Spells              Type           Power        Failure   Level  Hunger
a - Magic Dart            Conj           ###.         4%          1    None
e - Mephitic Cloud        Conj/Pois/Air  #.......     30%         3    ###....
i - Call Imp              Summ           #.......     16%         2    ##.....


Dungeon Overview and Level Annotations

Branches:
Dungeon (3/15)

Altars:


Innate Abilities, Weirdness & Mutations

You cannot wear boots.
Your serpentine skin is tough. (AC +1)
You have supernaturally acute eyesight. (SInv)
Armour fits poorly on your strangely shaped body.
Your system is resistant to poisons. (rPois)
You cover ground very slowly.
You have a slow metabolism.
You can spit poison.


Message History

The orc hits you from afar with a trident.
* * * LOW HITPOINT WARNING * * *
The orc barely misses you.
The orc wizard is engulfed in noxious fumes.
The orc wizard appears confused.
Unknown command.
Unknown command.
You are too injured to fight recklessly!
You are too injured to fight recklessly!
You are too injured to fight recklessly!
You barely miss the orc.
You have got your breath back.
The orc closely misses you. The orc misses you.
The orc hits you from afar with a trident.
* * * LOW HITPOINT WARNING * * *
The orc closely misses you.
Unknown command.
You hit the orc but do no damage. The orc misses you.
The orc hits you with an enchanted falchion.
You die...

.... ##..##
#......####
#.........#
#..######.#
#.......#.#
#...###.#.#
#@o.......#
#...#.#+###
#.o......
#.###.)..#
#.o +)...+
### #..<.#
+....+
#....#


You could see an orc wizard (confused) and 2 orcs.

Vanquished Creatures
  3 adders (D:2)
  An orc (D:3)
  A giant cockroach (D:2)
  A goblin (D:3)
  A hobgoblin (D:2)
  2 kobolds
  A rat (D:2)
10 creatures vanquished.

Notes
Turn   | Place    | Note
-------+----------+-------------------------------------------
     0 | D:1      | letownia2 the Naga Wizard began the quest for the Orb.
     0 | D:1      | Reached XP level 1. HP: 15/15 MP: 4/4
    70 | D:2      | Reached XP level 2. HP: 22/22 MP: 4/6
   146 | D:2      | Learned a level 2 spell: Call Imp
   178 | D:2      | Reached XP level 3. HP: 11/28 MP: 3/7
   183 | D:2      | Learned a level 3 spell: Mephitic Cloud
   231 | D:3      | HP: 1/28 [orc/trident (3)]
   232 | D:3      | Slain by an orc

Skill      XL: |  1  2 |
---------------+-------+-----
Conjurations   | 2 3 |  3.2
Dodging        | |  1.5
Stealth        | |  3.0
Spellcasting   | |  3.0
Summonings     | |  1.0
Translocations | |  1.0

Action                   || total
-------------------------++-------
Melee: Unarmed           ||    13
 Cast: Magic Dart        ||    13
       Mephitic Cloud    ||     1
 Abil: Spit Poison       ||     9
Armor: Robe              ||     1
Dodge: Dodged            ||    18
